 Dungeon Crawl Stone Soup version 0.29.1 (webtiles) character file.

Game seed: 1915603530821729558

164 Artool the Ducker (level 5, -1/41 HPs)
             Began as a Demonspawn Gladiator on Sept 14, 2022.
             Slain by a gnoll
             ... wielding a +0 spear
              (4 damage)
             ... on level 3 of the Dungeon.
             The game lasted 00:05:44 (2776 turns).

Artool the Ducker (Demonspawn Gladiator)            Turns: 2776, Time: 00:05:45

Health: -1/41      AC:  7    Str: 13    XL:     5   Next: 21%
Magic:  5/5        EV: 12    Int: 14    God:
Gold:   63         SH:  0    Dex: 14    Spells: 4/4 levels left

rFire   . . .      SeeInvis .   t - +6 trident of Oschyi {flame, Str-3 Int+4 Stlth+}
rCold   . . .      Faith    .   (no shield)
rNeg    + . .      Spirit   .   b - +0 leather armour
rPois   .          Reflect  .   c - +0 helmet
rElec   .          Harm     .   n - +0 cloak
rCorr   .          Rampage  .   (no gloves)
Will    .....                   (no boots)
Stlth   ++........              f - amulet of magic regeneration
HPRegen 0.13/turn               p - ring of positive energy
MPRegen 0.49/turn               (no ring)

@: no status effects
A: icy blue scales 1, demonic touch 2
a: no special abilities


You were on level 3 of the Dungeon.
You visited 1 branch of the dungeon, and saw 3 of its levels.

You collected 63 gold pieces.

Inventory:

Hand Weapons
 a - a +0 flail
 i - a +0 whip
 t - the +6 trident of Oschyi (weapon) {flame, Str-3 Int+4 Stlth+}
   (You found it on level 2 of the Dungeon)

   It burns those it strikes, dealing additional fire damage.
   Str:       It affects your strength (-3).
   Int:       It affects your intelligence (+4).
   Stlth:     It makes you more stealthy.
Missiles
 d - 3 throwing nets (quivered)
 e - a javelin
Armour
 b - a +0 leather armour (worn)
 c - a +0 helmet (worn)
 n - a +0 cloak (worn)
Jewellery
 f - an amulet of magic regeneration (around neck)
 p - a ring of positive energy (left hand)
Scrolls
 g - 2 scrolls of silence {unknown}
 h - 2 scrolls of identify {unknown}
 m - a scroll of noise {unknown}
 q - a scroll of summoning {unknown}
 r - a scroll of enchant weapon {unknown}
 s - a scroll of acquirement {unknown}
 w - 3 scrolls of magic mapping {unknown}
 y - a scroll of vulnerability {unknown}
 z - a scroll of teleportation {unknown}
Potions
 j - a potion of brilliance {unknown}
 k - 3 potions of flight {unknown}
 l - 2 potions of invisibility {unknown}
 o - 3 potions of curing {unknown}
 u - 2 potions of ambrosia {unknown}
 v - a potion of lignification {unknown}
 x - 2 potions of degeneration {unknown}


   Skills:
 + Level 3.1 Fighting
 + Level 3.5 Maces & Flails
 - Level 2.0 Throwing
 + Level 2.0 Armour
 + Level 3.5 Dodging


You had 4 spell levels left.
You didn't know any spells.
Your spell library contained the following spells:

 Spells                   Type           Power      Damage    Failure   Level
 Freeze                   Ice            0%         1d3       36%         1
 Blink                    Tloc           0%         N/A       50%         2
 Frozen Ramparts          Ice            0%         1d1       73%         3
 Lesser Beckoning         Tloc           0%         N/A       73%         3
 Hailstorm                Conj/Ice       0%         3d3       98%         4
 Manifold Assault         Tloc           0%         N/A       100%        5


Dungeon Overview and Level Annotations

Branches:
Dungeon (3/15)

Altars:
Trog

Shops:
D:1 (


Innate Abilities, Weirdness & Mutations

You are partially covered in icy blue scales. (AC +2)
Your touch may inflict irresistible damage on your foes.


Message History

The ball python constricts you.
Unknown command.
You escape the ball python's grasp.
The quokka closely misses you. The ball python closely misses you.
The ball python grabs you.
You stop ascending the stairs.
The ball python constricts you.
The gnoll hits you from afar with a +0 spear.
Unknown command.
You escape the ball python's grasp.
The quokka bites you. The ball python misses you.
The ball python completely misses you. The gnoll closely misses you.
The gnoll hits you from afar with a +0 halberd!
The hobgoblin closely misses you. The ball python barely misses you.
The ball python grabs you.
You stop ascending the stairs.
The ball python constricts you.
The quokka bites you but does no damage.
You escape the ball python's grasp.
The ball python bites you but does no damage.
The ball python misses you. The gnoll barely misses you.
The gnoll closely misses you.
The hobgoblin hits you but does no damage.
The quokka bites you but does no damage.
The ball python barely misses you. The ball python grabs you.
You stop ascending the stairs.
The ball python constricts you.
The ball python bites you but does no damage.
You escape the ball python's grasp.
The quokka closely misses you. The gnoll closely misses you.
The hobgoblin closely misses you.
The gnoll hits you from afar with a +0 halberd!
* * * LOW HITPOINT WARNING * * *
The gnoll hits you but does no damage. The ball python barely misses you.
The ball python grabs you.
You stop ascending the stairs.
The ball python constricts you.
You escape the ball python's grasp.
The ball python completely misses you. The ball python barely misses you.
The quokka bites you.
* * * LOW HITPOINT WARNING * * *
The gnoll barely misses you.
The gnoll hits you from afar with a +0 halberd.
* * * LOW HITPOINT WARNING * * *
The hobgoblin closely misses you.
The gnoll hits you from afar with a +0 spear.
You die...

.## ##########.#
..########.......##.#
.................##.#
#................##.#
.................##.#
###..............##.#
[........)....g..#..#
##...........ggrg..##
#.......÷....ggS@###
†.#...#####..##S..#
.....g......###.#.###
..........#..##.....####
.####..#####.##........#
... #...####.##........#
....#..................#
....#............÷.....#
_.........#####........#


You could see 4 gnolls, a quokka, 2 hobgoblins and 2 ball pythons.

Vanquished Creatures
  A centaur zombie (D:3)
  A hound (D:3)
  2 adders
  A gnoll (D:1)
  3 adder zombies (D:3)
  6 endoplasms
  3 giant cockroaches (D:1)
  8 goblins
  5 hobgoblins
  8 kobolds
  A quokka (D:3)
  5 ball pythons
  8 bats
  3 frilled lizards
  5 rats
60 creatures vanquished.

Notes
Turn   | Place    | Note
-------+----------+-------------------------------------------
     0 | D:1      | Artool the Demonspawn Gladiator began the quest for the
                  | Orb.
     0 | D:1      | Reached XP level 1. HP: 16/16 MP: 1/1
   355 | D:1      | Found Gypepp's Weapon Shop.
   446 | D:1      | Gained mutation: You are partially covered in icy blue
                  | scales. (AC +2) [demonic ancestry]
   446 | D:1      | Reached XP level 2. HP: 20/22 MP: 2/2
   896 | D:1      | Reached skill level 1 in Armour
   896 | D:1      | Gained mutation: Your touch may inflict minor irresistible
                  | damage on your foes. [demonic ancestry]
   896 | D:1      | Reached XP level 3. HP: 24/28 MP: 3/3
  2088 | D:2      | Identified the +6 trident of Oschyi {flame, Str-3 Int+4
                  | Stlth+}
  2187 | D:2      | Reached XP level 4. HP: 34/34 MP: 4/4
  2270 | D:2      | Found a faded altar of an unknown god.
  2654 | D:3      | Gained mutation: Your touch may inflict irresistible damage
                  | on your foes. [demonic ancestry]
  2654 | D:3      | Reached XP level 5. HP: 39/41 MP: 5/5
  2751 | D:3      | Found a bloodstained altar of Trog.
  2776 | D:3      | Slain by a gnoll

Illustrated notes

Levels and vault maps discovered:
D:1:      lemuel_arrival_funnel, layout_basic, serial_shops,
          nicolae_shop_bloodbath_and_beyond, minivault_24
D:2:      layout_basic, ebering_ecumenical_altar_hall
D:3:      layout_rooms, old_standard_altar, nicolae_yredelemnul_corpse_copse,
          serial_shops, nicolae_shop_trees

Skill      XL: |  1  2  3  4  5 |
---------------+----------------+-----
Throwing       | 2 |  2.0
Dodging        | 3 |  3.5
Maces & Flails | 3 |  3.5
Armour         | 1 2 |  2.0
Fighting       | 3 |  3.1

Action                   |  1- 3 |  4- 6 || total
-------------------------+-------+-------++-------
Melee: Flail             |    45 |       ||    45
       Whip              |    82 |       ||    82
       Touch             |     7 |     5 ||    12
       Trident           |     5 |    33 ||    38
 Stab: Sleeping          |     1 |     1 ||     2
Armor: Leather armour    |    73 |    25 ||    98
Dodge: Dodged            |    88 |    72 ||   160
